MLB
SAN DIEGO PADRES @ CHICAGO CUBS
08/03/2018
 
TOP OF THE 1ST
San Diego Padres batting - Pitching for Chicago Cubs : RHP Andrew Cashner
Pitching: RHP Andrew Cashner
Batting: RHB Jose Altuve 0-0: Ball
1-0: Called Strike
1-1: Reaches on Catchers interference
Batting: SHB Carlos Santana 0-0: Called Strike
0-1: Ball
1-1: Ball
2-1: Ball
3-1: Called Strike
3-2: Base on Balls
Jose Altuve to second
Batting: RHB Mitch Haniger 0-0: Ball
1-0: Foul Ball, location: 2F
1-1: Foul Ball, location: 2F
1-2: Strikes out swinging
Batting: LHB Mike Moustakas 0-0: Called Strike
0-1: Grounds into double play, 4-6-3 (Groundball, 34)
Top of the 1st over - 0 runs, 0 hits, 1 error, 1 left on base; San Diego 0 - Chicago 0
BOTTOM OF THE 1ST
Chicago Cubs batting - Pitching for San Diego Padres : RHP Joe Musgrove
Pitching: RHP Joe Musgrove
Batting: SHB Yoan Moncada 0-0: Ball
1-0: SINGLE (Line Drive, 4D)
Batting: RHB Paul DeJong 0-0: Called Strike
0-1: Ball
1-1: Ball
2-1: Ball
3-1: Fly out, F6 (Popup, 6)
Batting: LHB Cody Bellinger 0-0: Fly out, F7 (Flyball, 7)
Batting: RHB Justin Upton 0-0: Ball
1-0: Ball
2-0: Ball
3-0: Called Strike
3-1: SINGLE (Groundball, 56D)
Yoan Moncada to second
Batting: RHB Stephen Piscotty 0-0: Called Strike
0-1: Ball
1-1: Swinging Strike
1-2: Foul Ball, location: 2F
1-2: Strikes out swinging
Bottom of the 1st over - 0 runs, 2 hits, 0 errors, 2 left on base; San Diego 0 - Chicago 0
TOP OF THE 2ND
San Diego Padres batting - Pitching for Chicago Cubs : RHP Andrew Cashner
Batting: LHB David Peralta 0-0: Ball
1-0: Ball
2-0: Ball
3-0: Base on Balls
Batting: SHB Freddy Galvis 0-0: Ball
1-0: Called Strike
1-1: Foul Ball, location: 2F
1-2: Reached on error, E6 (Groundball, 6M)
David Peralta to second
Batting: RHB Yadier Molina 0-0: Ball
1-0: Sac Bunt to P - play at third, runner OUT -> throw to first, DP!
Freddy Galvis to second
Batting: RHB Lorenzo Cain 0-0: Intentional Walk
Batting: RHB Joe Musgrove 0-0: Called Strike
0-1: Foul Ball, location: 2F
0-2: Strikes out swinging
Top of the 2nd over - 0 runs, 0 hits, 1 error, 2 left on base; San Diego 0 - Chicago 0
BOTTOM OF THE 2ND
Chicago Cubs batting - Pitching for San Diego Padres : RHP Joe Musgrove
Batting: RHB Jedd Gyorko 0-0: Ball
1-0: Called Strike
1-1: SOLO HOME RUN (Flyball, 7D), Distance : 416 ft
Batting: LHB Jason Castro 0-0: Ball
1-0: Ball
2-0: Foul Ball, location: 2F
2-1: Foul Ball, location: 2F
2-2: Ball
3-2: SINGLE (Line Drive, 56D)
Batting: RHB Michael A. Taylor 0-0: Grounds into double play, 6-4-3 (Groundball, 6)
Batting: RHB Andrew Cashner 0-0: Called Strike
0-1: Foul Ball, location: 2F
0-2: Ball
1-2: Ball
2-2: Ball
3-2: SINGLE (Line Drive, 78S)
Batting: SHB Yoan Moncada 0-0: Ball
1-0: Foul Ball, location: 2F
1-1: Ground out 1-3 (Groundball, 34S)
Bottom of the 2nd over - 1 run, 3 hits, 0 errors, 1 left on base; San Diego 0 - Chicago 1
TOP OF THE 3RD
San Diego Padres batting - Pitching for Chicago Cubs : RHP Andrew Cashner
Batting: RHB Jose Altuve 0-0: Ball
1-0: Called Strike
1-1: Foul Ball, location: 2F
1-2: Ball
2-2: Fly out, F7 (Line Drive, 7D)
Batting: SHB Carlos Santana 0-0: Ball
1-0: Swinging Strike
1-1: Ball
2-1: Swinging Strike
2-2: Ball
3-2: Foul Ball, location: 2F
3-2: Strikes out swinging
Batting: RHB Mitch Haniger 0-0: SINGLE (Groundball, 4MD)
Batting: LHB Mike Moustakas 0-0: Foul Ball, location: 2F
0-1: Fly out, F6 (Popup, 6M)
Top of the 3rd over - 0 runs, 1 hit, 0 errors, 1 left on base; San Diego 0 - Chicago 1
BOTTOM OF THE 3RD
Chicago Cubs batting - Pitching for San Diego Padres : RHP Joe Musgrove
Batting: RHB Paul DeJong 0-0: Ball
1-0: Foul Ball, location: 2F
1-1: Foul Ball, location: 2F
1-2: Ball
2-2: Ball
3-2: SINGLE (Line Drive, 8RS)
Batting: LHB Cody Bellinger 0-0: Called Strike
0-1: Ball
Paul DeJong steals 2nd, throwing error, E2
Paul DeJong to third
1-1: Swinging Strike
1-2: Strikes out looking
Batting: RHB Justin Upton 0-0: Foul Ball, location: 2F
0-1: SINGLE (Groundball, 5D)
Paul DeJong scores
Batting: RHB Stephen Piscotty 0-0: Ball
1-0: Ball
Justin Upton steals 2nd base
2-0: Foul Ball, location: 2F
2-1: Ground out 5-3 (Groundball, 5)
Batting: RHB Jedd Gyorko 0-0: Foul Ball, location: 2F
0-1: Ball
1-1: Foul Ball, location: 2F
1-2: Fly out, F8 (Flyball, 8LS)
Bottom of the 3rd over - 1 run, 2 hits, 1 error, 1 left on base; San Diego 0 - Chicago 2
TOP OF THE 4TH
San Diego Padres batting - Pitching for Chicago Cubs : RHP Andrew Cashner
Batting: LHB David Peralta 0-0: Ball
1-0: Ground out 6-3 (Groundball, 6S)
Batting: SHB Freddy Galvis 0-0: Called Strike
0-1: Called Strike
0-2: Ball
1-2: SOLO HOME RUN (Flyball, 9LD), Distance : 382 ft
Batting: RHB Yadier Molina 0-0: Ball
1-0: Called Strike
1-1: Foul Ball, location: 2F
1-2: Ground out 6-3 (Groundball, 6MS)
Batting: RHB Lorenzo Cain 0-0: SINGLE (Line Drive, 56)
Batting: RHB Joe Musgrove 0-0: Ball
1-0: Called Strike
1-1: Fly out, F2 (Popup, 23F)
Top of the 4th over - 1 run, 2 hits, 0 errors, 1 left on base; San Diego 1 - Chicago 2
BOTTOM OF THE 4TH
Chicago Cubs batting - Pitching for San Diego Padres : RHP Joe Musgrove
Batting: LHB Jason Castro 0-0: Ball
1-0: SINGLE (Groundball, 34D)
Batting: RHB Michael A. Taylor 0-0: Ball
1-0: Ball
2-0: Swinging Strike
2-1: Swinging Strike
2-2: Foul Ball, location: 2F
2-2: DOUBLE (Line Drive, 7LM)
Jason Castro to third
Batting: RHB Andrew Cashner 0-0: Ground out 1-3 (Groundball, 13S)
Batting: SHB Yoan Moncada 0-0: Swinging Strike
0-1: Ball
1-1: Swinging Strike
1-2: Ball
2-2: Ball
3-2: Strikes out looking
Batting: RHB Paul DeJong 0-0: Called Strike
0-1: Foul Ball, location: 2F
0-2: Strikes out looking
Bottom of the 4th over - 0 runs, 2 hits, 0 errors, 2 left on base; San Diego 1 - Chicago 2
TOP OF THE 5TH
San Diego Padres batting - Pitching for Chicago Cubs : RHP Andrew Cashner
Batting: RHB Jose Altuve 0-0: Ball
1-0: Called Strike
1-1: Swinging Strike
1-2: Foul Ball, location: 2F
1-2: DOUBLE (Line Drive, 78XD) - OUT at third base trying to stretch hit.
Batting: SHB Carlos Santana 0-0: Ball
1-0: Ball
2-0: Ball
3-0: Base on Balls
Batting: RHB Mitch Haniger 0-0: Called Strike
0-1: Ball
1-1: Fielders Choice at 2nd, 4-6 (Groundball, 34)
Batting: LHB Mike Moustakas 0-0: Called Strike
0-1: Ball
1-1: Ball
2-1: Fly out, F7 (Flyball, 7S)
Top of the 5th over - 0 runs, 1 hit, 0 errors, 1 left on base; San Diego 1 - Chicago 2
BOTTOM OF THE 5TH
Chicago Cubs batting - Pitching for San Diego Padres : RHP Joe Musgrove
Batting: LHB Cody Bellinger 0-0: Ball
1-0: Foul Ball, location: 2F
1-1: Called Strike
1-2: Fly out, F8 (Flyball, 8RXD)
Batting: RHB Justin Upton 0-0: Ball
1-0: Ball
2-0: Ground out 6-3 (Groundball, 6)
Batting: RHB Stephen Piscotty 0-0: Called Strike
0-1: SINGLE (Groundball, 56D)
Batting: RHB Jedd Gyorko 0-0: Ball
1-0: Swinging Strike
1-1: Called Strike
1-2: Ball
2-2: Strikes out swinging
Bottom of the 5th over - 0 runs, 1 hit, 0 errors, 1 left on base; San Diego 1 - Chicago 2
TOP OF THE 6TH
San Diego Padres batting - Pitching for Chicago Cubs : RHP Andrew Cashner
Batting: LHB David Peralta 0-0: Ball
1-0: Ball
2-0: Swinging Strike
2-1: Ground out 6-3 (Groundball, 6M)
Batting: SHB Freddy Galvis 0-0: Foul Ball, location: 2F
0-1: Called Strike
0-2: SINGLE (Line Drive, 7LS)
Batting: RHB Yadier Molina 0-0: Ball
1-0: SINGLE (Line Drive, 56)
Freddy Galvis to second
Batting: RHB Lorenzo Cain 0-0: Swinging Strike
0-1: Ball
1-1: Foul Ball, location: 2F
1-2: Ball
2-2: Ball
3-2: TRIPLE (Line Drive, 8LXD)
Freddy Galvis scores
Yadier Molina scores
Pinch Hitting: RHB Juan Lagares 0-0: Ball
1-0: Ground out 5-3 (Groundball, 56S)
Batting: RHB Jose Altuve 0-0: Ball
1-0: Swinging Strike
1-1: Called Strike
1-2: Ball
2-2: Ground out 6-3 (Groundball, 6)
Top of the 6th over - 2 runs, 3 hits, 0 errors, 1 left on base; San Diego 3 - Chicago 2
BOTTOM OF THE 6TH
Chicago Cubs batting - Pitching for San Diego Padres : RHP Joe Musgrove
Pitching: RHP Hunter Strickland
Batting: LHB Jason Castro 0-0: Called Strike
0-1: Foul Ball, location: 2F
0-2: SOLO HOME RUN (Flyball, 9D), Distance : 385 ft
Batting: RHB Michael A. Taylor 0-0: Ball
1-0: SINGLE (Flyball, 9S)
Pinch Hitting: LHB Carlos Asuaje 0-0: Foul Ball, location: 2F
0-1: Ball
1-1: Ball
2-1: Foul Ball, location: 2F
2-2: Foul Ball, location: 2F
2-2: Ball
3-2: Base on Balls
Michael A. Taylor to second
Pitching: RHP Archie Bradley
Batting: SHB Yoan Moncada 0-0: Ball
1-0: Ball
2-0: Called Strike
2-1: Called Strike
2-2: Fly out, F8 (Line Drive, 8RD)
Runner from 2nd tags up, SAFE at 3rd with throw by CF
Batting: RHB Paul DeJong 0-0: Called Strike
0-1: Foul Ball, location: 2F
0-2: Foul Ball, location: 2F
0-2: Foul Ball, location: 2F
0-2: Strikes out swinging
Batting: LHB Cody Bellinger 0-0: Foul Ball, location: 2F
0-1: Swinging Strike
0-2: Strikes out swinging
Bottom of the 6th over - 1 run, 2 hits, 0 errors, 2 left on base; San Diego 3 - Chicago 3
TOP OF THE 7TH
San Diego Padres batting - Pitching for Chicago Cubs : RHP Andrew Cashner
Pitching: RHP Carter Capps
Batting: SHB Carlos Santana 0-0: Ball
1-0: Ball
2-0: Called Strike
2-1: Ball
3-1: Swinging Strike
3-2: Foul Ball, location: 2F
3-2: Fly out, F8 (Line Drive, 8RD)
Batting: RHB Mitch Haniger 0-0: Ball
1-0: Called Strike
1-1: Ground out 1-3 (Groundball, 15S)
Pitching: LHP Tony Cingrani
Batting: LHB Mike Moustakas 0-0: Called Strike
0-1: Ball
1-1: Ground out U3 (Groundball, 3)
Top of the 7th over - 0 runs, 0 hits, 0 errors, 0 left on base; San Diego 3 - Chicago 3
BOTTOM OF THE 7TH
Chicago Cubs batting - Pitching for San Diego Padres : RHP Archie Bradley
Pitching: LHP Scott Alexander
Batting: RHB Justin Upton 0-0: Called Strike
0-1: Ball
1-1: Ball
2-1: Foul Ball, location: 2F
2-2: Ball
3-2: Base on Balls
Batting: RHB Stephen Piscotty 0-0: Ball
1-0: Ball
2-0: Foul Ball, location: 2F
2-1: Fielders Choice at 2nd, 4-6 (Groundball, 4)
Batting: RHB Jedd Gyorko 0-0: Ball
1-0: Called Strike
1-1: Ball
2-1: Fielders Choice at 2nd, 1-6 (Groundball, P)
Batting: LHB Jason Castro 0-0: Ball
1-0: Ball
2-0: Foul Ball, location: 2F
2-1: Ball
3-1: Foul Ball, location: 2F
3-2: Ground out 4-3 (Groundball, 4S)
Bottom of the 7th over - 0 runs, 0 hits, 0 errors, 1 left on base; San Diego 3 - Chicago 3
TOP OF THE 8TH
San Diego Padres batting - Pitching for Chicago Cubs : LHP Tony Cingrani
Pinch Hitting: RHB Jose Pirela 0-0: Called Strike
0-1: Foul Ball, location: 2F
0-2: Strikes out swinging
Pitching: RHP Giovanny Gallegos
Batting: SHB Freddy Galvis 0-0: Called Strike
0-1: Ball
1-1: Ball
2-1: Foul Ball, location: 2F
2-2: Ball
3-2: Foul Ball, location: 2F
3-2: Strikes out swinging
Batting: RHB Yadier Molina 0-0: Called Strike
0-1: Ball
1-1: Foul Ball, location: 2F
1-2: Foul Ball, location: 2F
1-2: Ball
2-2: Ball
3-2: Base on Balls
Batting: RHB Lorenzo Cain 0-0: Ball
1-0: SINGLE (Flyball, 6D)
Yadier Molina to second
Pinch Hitting: RHB Curt Casali 0-0: Called Strike
0-1: Foul Ball, location: 2F
0-2: Foul Ball, location: 2F
0-2: Ball
1-2: Ball
2-2: Ball
3-2: SINGLE (Groundball, 56D)
Yadier Molina to third
Lorenzo Cain to second
Yadier Molina scores
Lorenzo Cain to third
Batting: RHB Jose Altuve 0-0: Foul Ball, location: 2F
0-1: Foul Ball, location: 2F
0-2: DOUBLE (Line Drive, 7LS)
Lorenzo Cain scores
Curt Casali to third
Runner from 3rd tries for Home, SAFE, throw by LF to home
Batting: SHB Carlos Santana 0-0: Intentional Walk
Pitching: LHP Marc Rzepczynski
Batting: RHB Mitch Haniger 0-0: Called Strike
0-1: Swinging Strike
0-2: Ball
1-2: Strikes out swinging
Top of the 8th over - 3 runs, 3 hits, 0 errors, 2 left on base; San Diego 6 - Chicago 3
BOTTOM OF THE 8TH
Chicago Cubs batting - Pitching for San Diego Padres : LHP Scott Alexander
Pitching: LHP A.J. Minter
Now in LF: Jose Pirela
Batting: RHB Michael A. Taylor 0-0: Swinging Strike
0-1: Foul Ball, location: 2F
0-2: Strikes out swinging
Pinch Hitting: RHB Jose Bautista 0-0: Swinging Strike
0-1: Foul Ball, location: 2F
0-2: Strikes out looking
Batting: SHB Yoan Moncada 0-0: Called Strike
0-1: Swinging Strike
0-2: Ball
1-2: Strikes out looking
Bottom of the 8th over - 0 runs, 0 hits, 0 errors, 0 left on base; San Diego 6 - Chicago 3
TOP OF THE 9TH
San Diego Padres batting - Pitching for Chicago Cubs : LHP Marc Rzepczynski
Pitching: RHP David Phelps
Batting: LHB Mike Moustakas 0-0: Swinging Strike
0-1: Ball
1-1: Swinging Strike
1-2: Ball
2-2: Strikes out looking
Batting: RHB Jose Pirela 0-0: Ball
1-0: Ground out U3 (Groundball, 3)
Batting: SHB Freddy Galvis 0-0: Called Strike
0-1: Ball
1-1: Foul Ball, location: 2F
1-2: Foul Ball, location: 2F
1-2: Ball
2-2: Ground out 6-3 (Groundball, 6)
Top of the 9th over - 0 runs, 0 hits, 0 errors, 0 left on base; San Diego 6 - Chicago 3
BOTTOM OF THE 9TH
Chicago Cubs batting - Pitching for San Diego Padres : LHP A.J. Minter
Pitching: RHP Josh Fields
Batting: RHB Paul DeJong 0-0: Called Strike
0-1: Foul Ball, location: 2F
0-2: Strikes out looking
Batting: LHB Cody Bellinger 0-0: Ground out 4-3 (Groundball, 4)
Batting: RHB Justin Upton 0-0: Called Strike
0-1: Ball
1-1: Ball
2-1: Ball
3-1: Swinging Strike
3-2: Foul Ball, location: 2F
3-2: Foul Ball, location: 2F
3-2: Fly out, F8 (Flyball, 8LM)
Bottom of the 9th over - 0 runs, 0 hits, 0 errors, 0 left on base; San Diego 6 - Chicago 3
Sunday, October 7th, 2018 - OOTP Baseball 19.8 Build 79